General information
- name: BNet
- type: Ladder team game (AT/RT)
- host: Battle.net
- saver: tree-stomper
map: GolemsInTheMist
- players: 8
- length: 28:25
- speed: Fast
- version: 1.26 W3XP
- replay type: Public
» download(194 KB)
Players
team 1 (winner)

»
GORGARWILLEATU (
purple | 83 APM | 2358 actions | 28:22)
5 Blademaster
3 Wind Walk
2 Critical Strike
3 Tauren Chieftain
2 Shockwave
1 Endurance Aura
» actions
| Assign group hotkey | 23 | |
| Basic commands | 61 | |
| Build / train | 77 | |
| ESC pressed | 3 | |
| Enter build submenu | 20 | |
| Enter hero's abilities submenu | 8 | |
| Give item / drop item | 3 | |
| Remove unit from queue | 7 | |
| Right click | 1193 | |
| Select / deselect | 646 | |
| Select group hotkey | 220 | |
| Use ability | 97 | |
2358 total
» units
| Peon | 7 | |
| Grunt | 10 | |
| Shaman | 11 | |
| Tauren | 5 | |
| Demolisher | 3 | |
36 total
» upgrades
| Shaman Training | 2 | |
| Burning Oil | 1 | |
| Berserker Strength | 1 | |
| Pulverize | 1 | |
| Melee Weapons | 1 | |
| Armor | 1 | |
| Reinforced Defenses | 1 | |
| Spiked Barricades | 1 | |
9 total
» buildings
| Altar of Storms | 1 | |
| Orc Burrow | 6 | |
| Barracks | 1 | |
| Voodoo Lounge | 1 | |
| Stronghold | 4 | |
| War Mill | 1 | |
| Spirit Lodge | 2 | |
| Fortress | 1 | |
| Tauren Totem | 2 | |
| Watch Tower | 1 | |
| Great Hall | 1 | |
21 total
» build order
00:07 Altar of Storms
00:22 Orc Burrow
00:36 Barracks
01:44 Orc Burrow
02:06 Voodoo Lounge
02:45 Stronghold
02:45 Stronghold
02:46 Stronghold
02:46 Stronghold
03:39 Orc Burrow
04:32 War Mill
06:24 Spirit Lodge
06:50 Fortress
07:28 Orc Burrow
10:20 Spirit Lodge
10:22 Tauren Totem
11:33 Orc Burrow
14:12 Orc Burrow
15:56 Tauren Totem
24:04 Watch Tower
25:22 Great Hall
» items
| Healing Salve | 5 | |
| Lesser Clarity Potion | 3 | |
| Scroll of Town Portal | 1 | |
| Orb of Lightning | 1 | |
| Orb of Fire | 1 | |
| Potion of Mana | 1 | |
12 total

»
tree-stomper (
blue | 63 APM | 1782 actions | 28:25)
5 Blood Mage
3 Flame Strike
2 Siphon Mana
4 Mountain King
2 Storm Bolt
2 Bash
» actions
| Assign group hotkey | 31 | |
| Basic commands | 1 | |
| Build / train | 83 | |
| Enter build submenu | 29 | |
| Enter hero's abilities submenu | 10 | |
| Give item / drop item | 3 | |
| Remove unit from queue | 1 | |
| Right click | 662 | |
| Select / deselect | 275 | |
| Select group hotkey | 538 | |
| Use ability | 149 | |
1782 total
» units
| Peasant | 16 | |
| Goblin Shredder | 2 | |
| Sorceress | 1 | |
| Gryphon Rider | 6 | |
25 total
» upgrades
| Masonry | 3 | |
| Lumber Harvesting | 1 | |
| Storm Hammers | 1 | |
| Swords | 2 | |
| Armor | 2 | |
| Animal War Training | 1 | |
| Magic Sentry | 1 | |
| Sorceress Training | 1 | |
12 total
» buildings
| Altar of Kings | 1 | |
| Farm | 11 | |
| Scout Tower | 46 | |
| Arcane Vault | 2 | |
| Arcane Tower | 3 | |
| Lumber Mill | 1 | |
| Town Hall | 1 | |
| Guard Tower | 14 | |
| Keep | 1 | |
| Castle | 3 | |
| Gryphon Aviary | 3 | |
| Blacksmith | 1 | |
| Barracks | 1 | |
| Arcane Sanctum | 1 | |
89 total
» build order
00:11 Altar of Kings
00:21 Farm
00:37 Farm
01:05 Scout Tower
01:29 Arcane Vault
01:37 Arcane Tower
01:55 Farm
03:16 Lumber Mill
04:05 Town Hall
04:08 Scout Tower
04:08 Scout Tower
05:15 Farm
05:44 Arcane Tower
05:46 Scout Tower
05:47 Scout Tower
05:56 Scout Tower
05:56 Scout Tower
05:57 Scout Tower
06:38 Guard Tower
06:46 Guard Tower
06:51 Keep
07:13 Scout Tower
07:14 Scout Tower
07:14 Scout Tower
07:16 Scout Tower
07:16 Scout Tower
07:17 Scout Tower
07:53 Guard Tower
08:01 Scout Tower
08:04 Scout Tower
08:04 Scout Tower
08:05 Scout Tower
08:06 Scout Tower
08:07 Scout Tower
08:08 Scout Tower
08:13 Guard Tower
08:53 Guard Tower
09:54 Guard Tower
09:54 Guard Tower
09:55 Castle
10:43 Gryphon Aviary
10:55 Arcane Vault
11:04 Gryphon Aviary
11:11 Farm
11:11 Farm
11:12 Farm
11:13 Farm
11:13 Farm
12:25 Blacksmith
12:30 Scout Tower
12:30 Scout Tower
12:30 Scout Tower
12:32 Scout Tower
12:32 Scout Tower
12:32 Scout Tower
12:34 Scout Tower
12:35 Scout Tower
13:00 Barracks
13:11 Guard Tower
13:11 Guard Tower
13:13 Arcane Sanctum
13:23 Guard Tower
14:21 Scout Tower
14:21 Scout Tower
14:21 Scout Tower
14:21 Scout Tower
14:22 Scout Tower
14:24 Scout Tower
14:24 Scout Tower
14:27 Guard Tower
14:41 Gryphon Aviary
14:51 Guard Tower
15:42 Guard Tower
15:58 Scout Tower
15:58 Scout Tower
15:59 Scout Tower
16:00 Scout Tower
16:00 Scout Tower
16:00 Scout Tower
17:32 Arcane Tower
» items
| Scroll of Regeneration | 3 | |
| Scroll of Town Portal | 5 | |
| Potion of Mana | 2 | |
| Staff of Sanctuary | 1 | |
| Potion of Healing | 1 | |
12 total

»
SellinJungleCum (
green | 62 APM | 1756 actions | 28:22)
5 Mountain King
3 Storm Bolt
2 Bash
4 Paladin
2 Holy Light
2 Divine Shield
» actions
| Assign group hotkey | 39 | |
| Basic commands | 9 | |
| Build / train | 81 | |
| Enter build submenu | 50 | |
| Enter hero's abilities submenu | 10 | |
| Give item / drop item | 1 | |
| Right click | 772 | |
| Select / deselect | 303 | |
| Select group hotkey | 392 | |
| Use ability | 99 | |
1756 total
» units
| Peasant | 19 | |
| Footman | 1 | |
| Rifleman | 10 | |
| Mortar Team | 4 | |
| Priest | 2 | |
36 total
» upgrades
| Lumber Harvesting | 2 | |
| Masonry | 2 | |
| Gunpowder | 1 | |
| Magic Sentry | 1 | |
| Priest Training | 2 | |
| Fragmentation Shards | 1 | |
| Armor | 1 | |
| Long Rifles | 1 | |
| Flare | 1 | |
12 total
» buildings
| Altar of Kings | 1 | |
| Farm | 19 | |
| Scout Tower | 10 | |
| Arcane Tower | 3 | |
| Lumber Mill | 1 | |
| Blacksmith | 1 | |
| Barracks | 2 | |
| Guard Tower | 7 | |
| Arcane Vault | 1 | |
| Keep | 2 | |
| Town Hall | 2 | |
| Workshop | 2 | |
| Arcane Sanctum | 2 | |
| Castle | 1 | |
54 total
» build order
00:26 Altar of Kings
00:31 Farm
00:41 Scout Tower
01:03 Farm
01:11 Arcane Tower
01:34 Lumber Mill
01:56 Blacksmith
02:12 Barracks
02:30 Scout Tower
02:52 Barracks
03:00 Guard Tower
03:13 Arcane Vault
03:37 Farm
03:41 Farm
03:52 Farm
04:26 Farm
04:46 Scout Tower
05:41 Keep
05:41 Keep
07:00 Town Hall
07:03 Scout Tower
07:04 Scout Tower
07:05 Scout Tower
07:35 Guard Tower
07:47 Guard Tower
08:11 Scout Tower
08:24 Scout Tower
08:28 Farm
08:37 Scout Tower
08:38 Guard Tower
09:03 Arcane Tower
09:03 Arcane Tower
09:05 Farm
10:26 Guard Tower
10:53 Workshop
11:09 Arcane Sanctum
11:49 Farm
12:09 Castle
12:16 Workshop
12:49 Scout Tower
13:08 Farm
14:09 Guard Tower
16:56 Arcane Sanctum
18:32 Farm
18:36 Farm
18:49 Farm
18:55 Farm
18:59 Farm
19:20 Farm
19:24 Farm
19:34 Farm
19:54 Farm
23:22 Town Hall
» items
| Scroll of Town Portal | 4 | |
| Healing Salve | 1 | |
| Lesser Clarity Potion | 1 | |
| Potion of Healing | 2 | |
8 total
rockstone (
red | 46 APM | 1295 actions | 28:22)
7 Blademaster
3 Critical Strike
1 Wind Walk
2 Mirror Image
1 Bladestorm
» actions
| Assign group hotkey | 17 | |
| Basic commands | 2 | |
| Build / train | 78 | |
| ESC pressed | 1 | |
| Enter build submenu | 20 | |
| Enter hero's abilities submenu | 7 | |
| Give item / drop item | 2 | |
| Remove unit from queue | 2 | |
| Right click | 501 | |
| Select / deselect | 369 | |
| Select group hotkey | 205 | |
| Use ability | 90 | |
1295 total
» units
| Peon | 4 | |
| Grunt | 4 | |
| Goblin Shredder | 1 | |
| Raider | 1 | |
| Troll Witch Doctor | 5 | |
| Troll Batrider | 11 | |
26 total
» upgrades
| Melee Weapons | 2 | |
| Ensnare | 1 | |
| Armor | 3 | |
| Liquid Fire | 1 | |
| Ranged Weapons | 3 | |
| Troll Regeneration | 1 | |
| Shaman Training | 2 | |
| Witch Doctor Training | 2 | |
15 total
» buildings
| Altar of Storms | 1 | |
| Orc Burrow | 4 | |
| Voodoo Lounge | 1 | |
| Barracks | 1 | |
| War Mill | 3 | |
| Stronghold | 2 | |
| Great Hall | 4 | |
| Fortress | 2 | |
| Beastiary | 2 | |
| Spirit Lodge | 2 | |
| Watch Tower | 4 | |
26 total
» build order
00:08 Altar of Storms
00:16 Orc Burrow
01:01 Voodoo Lounge
01:07 Barracks
01:33 Orc Burrow
01:43 War Mill
04:35 Stronghold
04:38 Orc Burrow
05:15 Orc Burrow
06:48 Great Hall
07:11 Fortress
07:16 Beastiary
07:51 Beastiary
07:58 War Mill
08:47 Spirit Lodge
11:21 Stronghold
13:58 Fortress
14:01 Watch Tower
14:03 Watch Tower
14:05 Watch Tower
14:06 Watch Tower
14:21 Great Hall
17:11 War Mill
23:50 Spirit Lodge
23:58 Great Hall
24:37 Great Hall
» items
| Healing Salve | 5 | |
| Scroll of Speed | 6 | |
| Tiny Great Hall | 1 | |
| Orb of Lightning | 2 | |
| Potion of Healing | 3 | |
| Lesser Clarity Potion | 5 | |
| Scroll of Town Portal | 2 | |
24 total
team 2 (loser)
neitsab18 (
pink | 42 APM | 808 actions | 19:05)
4 Death Knight
2 Death Coil
2 Unholy Aura
» actions
| Assign group hotkey | 21 | |
| Build / train | 55 | |
| Enter build submenu | 12 | |
| Enter hero's abilities submenu | 4 | |
| Remove unit from queue | 2 | |
| Right click | 425 | |
| Select / deselect | 165 | |
| Select group hotkey | 97 | |
| Use ability | 27 | |
808 total
» units
| Acolyte | 10 | |
| Ghoul | 4 | |
| Crypt Fiend | 22 | |
36 total
» upgrades
| Creature Attack | 3 | |
| Creature Carapace | 3 | |
| Web | 1 | |
7 total
» buildings
| Crypt | 1 | |
| Ziggurat | 5 | |
| Graveyard | 1 | |
| Altar of Darkness | 2 | |
| Halls of the Dead | 1 | |
| Black Citadel | 1 | |
| Tomb of Relics | 1 | |
| Spirit Tower | 3 | |
15 total
» build order
00:12 Crypt
00:14 Ziggurat
00:45 Graveyard
01:00 Altar of Darkness
01:03 Altar of Darkness
01:45 Ziggurat
02:41 Ziggurat
03:53 Halls of the Dead
05:00 Ziggurat
08:24 Black Citadel
10:38 Tomb of Relics
10:44 Ziggurat
11:59 Spirit Tower
13:04 Spirit Tower
15:50 Spirit Tower
sokiem (
orange | 40 APM | 887 actions | 22:20)
4 Archmage
2 Summon Water Elemental
2 Brilliance Aura
2 Blood Mage
1 Flame Strike
1 Siphon Mana
» actions
| Assign group hotkey | 15 | |
| Basic commands | 38 | |
| Build / train | 75 | |
| Enter build submenu | 19 | |
| Enter hero's abilities submenu | 6 | |
| Give item / drop item | 2 | |
| Remove unit from queue | 1 | |
| Right click | 255 | |
| Select / deselect | 294 | |
| Select group hotkey | 114 | |
| Use ability | 68 | |
887 total
» units
| Peasant | 9 | |
| Footman | 4 | |
| Goblin Shredder | 1 | |
| Rifleman | 4 | |
| Priest | 7 | |
| Mortar Team | 6 | |
| Sorceress | 4 | |
| Knight | 5 | |
40 total
» upgrades
| Long Rifles | 1 | |
| Flare | 1 | |
| Fragmentation Shards | 1 | |
| Barrage | 1 | |
| Armor | 2 | |
| Gunpowder | 3 | |
| Sorceress Training | 2 | |
| Priest Training | 1 | |
| Animal War Training | 1 | |
| Plating | 1 | |
| Swords | 1 | |
15 total
» buildings
| Farm | 18 | |
| Altar of Kings | 1 | |
| Keep | 1 | |
| Barracks | 2 | |
| Lumber Mill | 1 | |
| Scout Tower | 2 | |
| Blacksmith | 1 | |
| Arcane Tower | 1 | |
| Guard Tower | 1 | |
| Arcane Sanctum | 2 | |
| Workshop | 2 | |
| Castle | 1 | |
| Town Hall | 1 | |
| Arcane Vault | 1 | |
35 total
» build order
00:38 Farm
00:51 Altar of Kings
01:04 Farm
02:21 Keep
02:27 Barracks
02:32 Lumber Mill
02:40 Scout Tower
02:41 Scout Tower
02:54 Blacksmith
03:13 Arcane Tower
03:33 Guard Tower
03:43 Farm
04:50 Farm
05:02 Arcane Sanctum
05:19 Farm
05:20 Farm
06:15 Workshop
07:13 Farm
07:15 Farm
07:16 Farm
08:30 Castle
08:57 Town Hall
09:34 Arcane Vault
10:53 Barracks
10:58 Arcane Sanctum
11:07 Workshop
11:13 Farm
11:13 Farm
11:14 Farm
11:15 Farm
11:16 Farm
11:16 Farm
11:18 Farm
11:18 Farm
» items

»
whoarang (
teal | 80 APM | 2283 actions | 28:21)
7 Blademaster
3 Wind Walk
3 Critical Strike
1 Bladestorm
3 Shadow Hunter
1 Hex
2 Healing Wave
2 Tauren Chieftain
2 Endurance Aura
1 Death Knight
1 Unholy Aura
1 Archmage
1 Brilliance Aura
» actions
| Assign group hotkey | 89 | |
| Basic commands | 78 | |
| Build / train | 91 | |
| ESC pressed | 2 | |
| Enter build submenu | 24 | |
| Enter hero's abilities submenu | 14 | |
| Give item / drop item | 4 | |
| Right click | 650 | |
| Select / deselect | 341 | |
| Select group hotkey | 864 | |
| Use ability | 126 | |
2283 total
» units
| Peon | 8 | |
| Raider | 3 | |
| Shaman | 3 | |
| Tauren | 2 | |
| Troll Witch Doctor | 3 | |
| Troll Batrider | 2 | |
| Siege Engine | 1 | |
| Rifleman | 1 | |
| Gargoyle | 2 | |
| Priest | 1 | |
| Frost Wyrm | 4 | |
| Crypt Fiend | 5 | |
35 total
» upgrades
| Melee Weapons | 3 | |
| Pillage | 1 | |
| Ensnare | 1 | |
| Armor | 3 | |
| Shaman Training | 2 | |
| Witch Doctor Training | 2 | |
| Pulverize | 1 | |
| Priest Training | 1 | |
14 total
» buildings
| Orc Burrow | 9 | |
| Altar of Storms | 1 | |
| Voodoo Lounge | 1 | |
| Stronghold | 1 | |
| War Mill | 1 | |
| Beastiary | 3 | |
| Fortress | 1 | |
| Spirit Lodge | 1 | |
| Tauren Totem | 1 | |
19 total
» build order
00:09 Orc Burrow
00:12 Altar of Storms
00:47 Voodoo Lounge
02:11 Stronghold
03:00 War Mill
03:07 Orc Burrow
03:12 Orc Burrow
04:41 Beastiary
04:42 Beastiary
04:45 Beastiary
05:10 Orc Burrow
05:26 Orc Burrow
08:09 Fortress
08:57 Spirit Lodge
09:04 Orc Burrow
09:11 Orc Burrow
11:09 Orc Burrow
11:13 Orc Burrow
11:20 Tauren Totem
» items
| Scroll of Speed | 1 | |
| Healing Salve | 1 | |
| Scroll of Town Portal | 1 | |
| Orb of Lightning | 1 | |
4 total

»
bebebest (
yellow | 29 APM | 643 actions | 22:23)
4 Death Knight
2 Death Coil
1 Unholy Aura
1 Death Pact
3 Dreadlord
2 Vampiric Aura
1 Sleep
» actions
| Assign group hotkey | 11 | |
| Basic commands | 5 | |
| Build / train | 65 | |
| Enter build submenu | 16 | |
| Enter hero's abilities submenu | 8 | |
| Remove unit from queue | 1 | |
| Right click | 248 | |
| Select / deselect | 225 | |
| Select group hotkey | 19 | |
| Use ability | 45 | |
643 total
» units
| Acolyte | 7 | |
| Ghoul | 4 | |
| Crypt Fiend | 13 | |
| Gargoyle | 14 | |
| Goblin Zeppelin | 1 | |
| Abomination | 3 | |
| Frost Wyrm | 3 | |
45 total
» upgrades
| Web | 1 | |
| Disease Cloud | 1 | |
| Freezing Breath | 1 | |
| Stone Form | 1 | |
4 total
» buildings
| Crypt | 1 | |
| Ziggurat | 8 | |
| Altar of Darkness | 1 | |
| Graveyard | 1 | |
| Nerubian Tower | 2 | |
| Halls of the Dead | 1 | |
| Spirit Tower | 2 | |
| Black Citadel | 1 | |
| Sacrificial Pit | 1 | |
| Boneyard | 2 | |
| Slaughterhouse | 1 | |
21 total
» build order
00:10 Crypt
00:12 Ziggurat
00:35 Altar of Darkness
01:04 Graveyard
01:58 Ziggurat
02:43 Nerubian Tower
03:12 Ziggurat
04:51 Halls of the Dead
06:42 Ziggurat
06:43 Nerubian Tower
06:49 Ziggurat
08:55 Spirit Tower
10:22 Black Citadel
10:35 Sacrificial Pit
10:43 Ziggurat
10:46 Ziggurat
12:35 Spirit Tower
13:39 Boneyard
15:58 Boneyard
16:05 Slaughterhouse
17:09 Ziggurat
Chat log
(02:10 / Allies) tree-stomper: ROCKstone i remember this name, didnt i give u a win in a 2 hour game on that friends map
(02:28 / Allies) tree-stomper: this be ur expo purple
(02:30 / Allies) rockstone: when u what?
(02:57 / Allies) tree-stomper: hard to describe
(03:01 / Allies) rockstone: k
(03:18 / Allies) rockstone: green
(03:24 / Allies) SellinJungleCum: ?
(03:56 / Allies) rockstone: green
(05:30 / Allies) rockstone: ty
(05:38 / Allies) rockstone: purp
(06:05 / Allies) GORGARWILLEATU: rofl
(07:40 / All) tree-stomper: cookie cutterrrrrrrrrr
(11:37 / Allies) tree-stomper: per
(12:01 / Allies) SellinJungleCum: wood?
(12:10 / Allies) SellinJungleCum: ty
(12:47 / Allies) tree-stomper: hold the line, men
(13:05 / Allies) rockstone: }green help me plz
(15:15 / Allies) tree-stomper: by the towers men
(15:48 / All) tree-stomper: rapeeeeee
(16:46 / All) tree-stomper: this is our homeland
(16:48 / All) tree-stomper: savages
(18:13 / Allies) SellinJungleCum: just let it go
(18:14 / Allies) tree-stomper: figh tgreen
(18:15 / Allies) tree-stomper: lolz
(18:18 / Allies) tree-stomper: its 1v3
(18:27 / All) GORGARWILLEATU: wow you guys do suck
(19:05 / All) tree-stomper: yes?
(19:15 / All) whoarang: hey purple
(20:14 / Allies) tree-stomper: tp green
(21:30 / Allies) SellinJungleCum: no
(21:31 / Allies) SellinJungleCum: kill main
(21:36 / Allies) rockstone: wait
(22:31 / All) tree-stomper: out niggas
(25:47 / Allies) GORGARWILLEATU: gold
(26:29 / Allies) tree-stomper: stand ur ground green
(26:38 / Allies) tree-stomper: stay